 Dungeon Crawl Stone Soup version 0.25.0-11-g1f837a76a1 (webtiles) character file.

Game seed: 2483188095242227542

92 Flugkiller the Sneak (level 4, -4/28 HPs)
             Began as a Tengu Assassin on June 25, 2020.
             Killed from afar by an orc wizard (6 damage)
             ... with a magic dart
             ... on level 3 of the Dungeon.
             The game lasted 00:02:08 (2103 turns).

Flugkiller the Sneak (Tengu Assassin)               Turns: 2103, Time: 00:02:08

Health: -4/28      AC:  4    Str: 11    XL:     4   Next: 60%
Magic:  5/5        EV: 14    Int: 11    God:
Gold:   56         SH:  0    Dex: 17    Spells: 3/3 levels left

rFire    + + .     SeeInvis .   a - +3 dagger
rCold    . . .     Gourm    .   (no shield)
rNeg     . . .     Faith    .   b - +0 robe
rPois    .         Spirit   .   h - +1 hat
rElec    .         Reflect  .   c - +0 cloak
rCorr    .         Harm     .   (no gloves)
MR       .....                  (boots unavailable)
Stlth    +++.......             q - amulet of inaccuracy (curse)
HPRegen  0.09/turn              j - ring of protection from fire
MPRegen  0.09/turn              l - ring of protection from fire

@: no status effects
A: beak, talons 3
a: no special abilities


You were on level 3 of the Dungeon.
You were not hungry.

You visited 1 branch of the dungeon, and saw 3 of its levels.

You collected 56 gold pieces.

Inventory:

Hand Weapons
 a - a +3 dagger (weapon)
Missiles
 d - 15 poisoned darts
 e - 4 curare-tipped darts (quivered)
Armour
 b - a +0 robe (worn)
 c - a +0 cloak (worn)
 h - a +1 hat (worn)
   (You found it on level 3 of the Dungeon)
Jewellery
 j - a ring of protection from fire (left hand)
   (You found it on level 1 of the Dungeon)
 l - a ring of protection from fire (right hand)
   (You found it on level 1 of the Dungeon)
 q - a cursed amulet of inaccuracy (around neck)
   (You found it on level 2 of the Dungeon)
Scrolls
 g - 2 scrolls of teleportation
 k - a scroll of identify
 n - a scroll of remove curse {unknown}
Potions
 i - a potion of curing
 m - 2 potions of degeneration {unknown}
 p - a potion of cancellation
Comestibles
 f - 6 rations
 o - 2 chunks of flesh


   Skills:
 + Level 3.5 Fighting
 - Level 2.1 Short Blades
 - Level 2.0 Throwing
 + Level 3.3 Dodging
 - Level 4.0 Stealth


You had 3 spell levels left.
You didn't know any spells.
Your spell library was empty.

Dungeon Overview and Level Annotations

Branches:
Dungeon (3/15)

Altars:
Elyvilon
Fedhas


Innate Abilities, Weirdness & Mutations

You have a beak for a mouth.
You have claws for feet.


Message History

The orc is moderately wounded.
The orc hits you with a +0 dagger. The orc closely misses you.
The orc barely misses you.
You hit the orc. You claw the orc, but do no damage.
You peck the orc, but do no damage.
The orc is heavily wounded.
The orc barely misses you. The orc hits you but does no damage. x2
The orc closely misses you.
You hit the orc.
You kill the orc!
The orc hits you with a +0 dagger. The orc closely misses you. x2
Unknown command.
The orc hits you but does no damage.
The orc roars loudly, in orcish tradition.
The orc wizard casts a spell.
The orc wizard blinks!
The orc misses you.
You miss the orc. You claw the orc.
You kill the orc!
The orc wizard gestures wildly while chanting.
The orc wizard blinks!
You see here a +0 dagger.
You miss the orc. You claw the orc.
The orc is almost dead.
The orc closely misses you.
You hit the orc.
You kill the orc!
The orc hits you with a +0 club.
The orc wizard casts a spell.
The orc wizard seems to speed up.
You see here a +0 dagger.
You hit the orc.
The orc is heavily wounded.
The orc wizard gestures wildly while chanting.
The orc wizard blinks!
The orc barely misses you.
You completely miss the orc.
The orc is heavily wounded.
The orc wizard gestures at you while chanting.
The magic dart hits you!
* * * LOW HITPOINT WARNING * * *
The orc misses you.
The orc wizard gestures wildly while chanting.
The orc wizard blinks!
The orc wizard mumbles some strange words.
The orc wizard blinks!
The orc wizard points at you and mumbles some strange words.
The magic dart hits you!
* * * LOW HITPOINT WARNING * * *
The orc wizard points at you and mumbles some strange words.
The magic dart hits you.
You die...

.....##..........####)# .#
..##.......#####...o#.###.##
..##.........######.§o.......
.....#.###.........o.....###.
...≈.............§.#..##.#
..≈≈≈....................#
..≈≈..............######...
.≈≈#.#.#.........## #♣
.≈≈.............@##
#≈.##..##....)....#
.≈.##.....÷######..#
#≈≈.##........# ....
≈≈.......####.........
≈..........## #[........
≈...........# ........
..........#..# ###....
..........##...


You could see an orc wizard (fast) and an orc.

Vanquished Creatures
  3 adders (D:2)
  An adder skeleton (D:3)
  2 worms
  3 dart slugs
  2 leopard geckos
  4 orcs (D:3)
  2 giant cockroaches
  3 goblins
  3 hobgoblins
  10 kobolds
  8 bats
  3 frilled lizards
  A leopard gecko skeleton (D:3)
  6 rats
51 creatures vanquished.

Notes
Turn   | Place    | Note
-------+----------+-------------------------------------------
     0 | D:1      | Flugkiller the Tengu Assassin began the quest for the Orb.
     0 | D:1      | Reached XP level 1. HP: 12/12 MP: 2/2
   194 | D:1      | Reached XP level 2. HP: 18/18 MP: 3/3
   894 | D:2      | Reached XP level 3. HP: 15/22 MP: 4/4
  1307 | D:2      | Reached XP level 4. HP: 12/28 MP: 5/5
  1635 | D:2      | Found a blossoming altar of Fedhas.
  1860 | D:3      | Found a white marble altar of Elyvilon.
  2103 | D:3      | Killed from afar by an orc wizard

Illustrated notes

Levels and vault maps discovered:
D:1:      saegor_arrival_simple_d, layout_loops_corners
D:2:      layout_rooms, fedhas_ov_isle_minmay, minmay_hexomino_c4
D:3:      layout_rooms, elyvilon_altar_5, serial_bayou_pond_d,
          chequers_serial_rivers_micro_b, chequers_serial_rivers_small_a,
          minmay_tree_intersection, serial_park_tiny_1

Skill      XL: |  1  2  3  4 |
---------------+-------------+-----
Dodging        | 2 3 |  3.3
Fighting       | 3 |  3.5
Short Blades   | |  2.1
Throwing       | |  2.0
Stealth        | |  4.0

Action                   |  1- 3 |  4- 6 || total
-------------------------+-------+-------++-------
Melee: Dagger            |    51 |    61 ||   112
       Kick              |    14 |    22 ||    36
       Peck              |     4 |     6 ||    10
Throw: Dart              |     4 |     1 ||     5
  Use: Potion            |     1 |       ||     1
       Scroll            |       |     7 ||     7
 Stab: Sleeping          |     3 |       ||     3
  Eat: Chunk             |     1 |     3 ||     4
Armor: Robe              |    15 |    11 ||    26
Dodge: Dodged            |    37 |    41 ||    78
